 Dungeon Crawl Stone Soup version 0.31-a0-988-g08d55da (webtiles) character file.

Game seed: 9162964975940076773

63 Blackhawk the Shield-Bearer (level 4, -7/37 HPs)
             Began as a Formicid Fighter on Nov 5, 2023.
             Killed by divine providence
             ... invoked by an orc priest
              (9 damage)
             ... on level 2 of the Dungeon.
             The game lasted 00:02:27 (1766 turns).

Blackhawk the Shield-Bearer (Formicid Fighter)      Turns: 1766, Time: 00:02:28

Health: -7/37      AC:  9    Str: 22    XL:     4   Next: 30%
Magic:  4/4        EV:  8    Int:  8    God:
Gold:   120        SH:  5    Dex: 13    Spells: 3/3 levels left

rFire   . . .        a - +0 long sword
rCold   . . .        c - +0 buckler
rNeg    . . .        k - +0 chain mail
rPois   .            (helmet unavailable)
rElec   .            (no cloak)
rCorr   .            (no gloves)
SInv    +            (no boots)
Will    .....        (no amulet) Stlth
                     (no ring)
HPRegen 0.26/turn    (no ring)
MPRegen 0.09/turn

%: no passive effects
@: no status effects
A: permanent stasis, dig shafts and tunnels, antennae 3, four strong arms
a: Dig, Shaft Self


You were on level 2 of the Dungeon.
You visited 1 branch of the dungeon, and saw 3 of its levels.

You collected 120 gold pieces.

Inventory:

Hand Weapons
 a - a +0 long sword (weapon)
Armour
 b - a +0 scale mail
 c - a +0 buckler (worn)
 k - a +0 chain mail (worn)
Scrolls
 e - a scroll of amnesia {unknown}
 j - a scroll of enchant weapon {unknown}
 l - a scroll of revelation {unknown}
Potions
 d - a potion of might
 f - a potion of enlightenment {unknown}
 g - a potion of curing {unknown}
 h - a potion of lignification {unknown}
 i - 2 potions of mutation {unknown}
 m - a potion of attraction {unknown}


   Skills:
 + Level 3.8 Fighting
 + Level 2.6 Long Blades
 + Level 3.9 Armour
 + Level 4.7 Shields


You had 3 spell levels left.
You didn't know any spells.
Your spell library contained the following spells:

 Spells                   Type           Power      Damage    Failure   Level
 Foxfire                  Conj/Fire      0%         2x1d4     98%         1
 Summon Ice Beast         Ice/Summ       0%         N/A       100%        4
 Summon Mana Viper        Hex/Summ       0%         N/A       100%        5
 Plasma Beam              Fire/Air       0%         2x1d10    100%        6
 Starburst                Conj/Fire      0%         6d3       100%        6
 Monstrous Menagerie      Summ           0%         N/A       100%        7


Dungeon Overview and Level Annotations

Branches:
Dungeon (3/15)

Altars:


Innate Abilities, Weirdness & Mutations

You cannot be hasted, slowed, berserked, paralysed or teleported.
You can dig through walls and to a lower floor.
You have a pair of large antennae on your head. (SInv)
Your four strong arms can wield two-handed weapons with a shield.


Message History

You climb upwards.
There is a stone staircase leading down here.
You completely miss the orc priest. You block the orc priest's attack.
You hit the orc priest.
The orc priest is lightly wounded.
The orc priest hits you with a +0 morningstar. x2
You completely miss the orc priest.
The orc priest is lightly wounded.
The orc priest hits you but does no damage.
You hit the orc priest but do no damage.
The orc priest is lightly wounded.
The orc priest barely misses you.
You hit the orc priest but do no damage.
The orc priest is lightly wounded.
The orc priest closely misses you. The orc priest barely misses you.
You hit the orc priest but do no damage.
The orc priest is lightly wounded.
The orc priest barely misses you.
You closely miss the orc priest.
The orc priest is lightly wounded.
The orc priest hits you with a +0 morningstar!
You hit the orc priest but do no damage.
The orc priest is lightly wounded.
The orc priest hits you but does no damage.
The orc priest invokes the aid of Beogh against you.
Beogh smites you!
* * * LOW HITPOINT WARNING * * *
You closely miss the orc priest.
The orc priest is lightly wounded.
The orc priest hits you with a +0 morningstar.
* * * LOW HITPOINT WARNING * * *
You barely miss the orc priest.
The orc priest is lightly wounded.
The orc priest hits you with a +0 morningstar.
* * * LOW HITPOINT WARNING * * *
You hit the orc priest.
The orc priest is moderately wounded.
The orc priest mumbles some strange prayers to Beogh against you.
Beogh smites you!
You die...

.......#................)#
.......######.......####.#
.............##.###.# #.#
.............##.# #.# #.#
..............#.###.# #.#
###....#............# #.# #
#....#.##+#.#.....####.#
###....#......#..o.......#
.......>.<......@##.######
..............#).##'####
..............#........#
<..######..............#
.............##........#
.............##..##'#########
.............##..##.........#
#...###.......#...#.#######.#
#...# #.......#..##...#.....#


You could see an orc priest.

Vanquished Creatures
  2 worms (D:2)
  2 dart slugs (D:2)
  2 orcs
  4 endoplasms (D:1)
  2 giant cockroaches (D:1)
  5 hobgoblins
  4 jackals
  3 quokkas
  7 ball pythons
  5 bats
  2 frilled lizards (D:1)
  3 goblins
  3 kobolds
  4 rats
48 creatures vanquished.

Notes
Turn   | Place    | Note
-------+----------+-------------------------------------------
     0 | D:1      | Blackhawk the Formicid Fighter began the quest for the Orb.
     0 | D:1      | Reached XP level 1. HP: 18/18 MP: 1/1
   110 | D:1      | Reached XP level 2. HP: 24/24 MP: 2/2
   494 | D:1      | Reached XP level 3. HP: 29/29 MP: 3/3
  1280 | D:2      | Reached XP level 4. HP: 34/37 MP: 4/4
  1765 | D:2      | HP: 1/37 [orc priest/+0 morningstar (5)]
  1766 | D:2      | Killed from afar by an orc priest

Illustrated notes

Levels and vault maps discovered:
D:1:      shiori_arrival_maze, layout_basic, kennysheep_doodads,
          nrook_loot_triangle
D:2:      layout_basic
D:3:      layout_loops_ring, uniq_sigmund

Action                     |  1- 3 |  4- 6 || total
---------------------------+-------+-------++-------
  Melee: Long sword        |   123 |    37 ||   160
 Armour: Scale mail        |    50 |       ||    50
         Chain mail        |    30 |    40 ||    70
  Dodge: Dodged            |    59 |    16 ||    75
  Block: Buckler           |    34 |     4 ||    38

Table legend: (Time is in decaauts)
 A = Elapsed time spent in this place.
 B = Non-inter-level travel time spent in this place.
 C = Inter-level travel time spent in this place.
 D = Time resting spent in this place.
 E = Time spent auto-exploring this place.
 F = Levels seen in this place.
 G = Mean time per level.
                   A        B        C        D        E       F      G
               +--------+--------+--------+--------+--------+-----+--------+
         Total |   1817 |   1777 |     40 |    117 |   1247 |   3 |  605.7 |
       Dungeon |   1817 |   1777 |     40 |    117 |   1247 |   3 |  605.7 |
               +--------+--------+--------+--------+--------+-----+--------+

Top non-repeatable levels by time:
     D:2: 947 daAuts
     D:1: 841 daAuts
     D:3: 28 daAuts
